 Dungeon Crawl Stone Soup version 0.28-a0-305-g9e858e973b (webtiles) character file.

Game seed: 8732445870850487308

37 Whiskey the Skirmisher (level 3, -2/29 HPs)
             Began as a Demonspawn Fighter on Aug 29, 2021.
             Slain by a gnoll (7 damage)
             ... on level 1 of the Dungeon.
             The game lasted 00:02:10 (1256 turns).

Whiskey the Skirmisher (Demonspawn Fighter)         Turns: 1256, Time: 00:02:10

Health: -2/29      AC:  6    Str: 17    XL:     3   Next: 21%
Magic:  3/3        EV:  7    Int:  9    God:
Gold:   40         SH:  8    Dex: 12    Spells: 2/2 levels left

rFire   . . .      SeeInvis .   a - +0 war axe
rCold   . . .      Faith    .   c - +0 kite shield
rNeg    . . .      Spirit   .   b - +0 scale mail
rPois   .          Reflect  .   (helmet restricted)
rElec   .          Harm     .   (no cloak)
rCorr   .          Rampage  .   (no gloves)
Will    .....                   (no boots)
Stlth   ..........              (no amulet)
HPRegen 0.09/turn               (no ring)
MPRegen 0.08/turn               (no ring)

@: no status effects
A: horns 1
a: no special abilities


You were on level 1 of the Dungeon.
You visited 1 branch of the dungeon, and saw 2 of its levels.

You collected 40 gold pieces.

Inventory:

Hand Weapons
 a - a +0 war axe (weapon)
 h - a +2 vorpal long sword
   (You found it on level 2 of the Dungeon)
Armour
 b - a +0 scale mail (worn)
 c - a +0 kite shield (worn)
Jewellery
 g - a ring of resist corrosion
   (You found it on level 1 of the Dungeon)
Scrolls
 e - a scroll of enchant armour {unknown}
 f - a scroll of teleportation {unknown}
Potions
 d - a potion of might


   Skills:
 + Level 3.3 Fighting
 + Level 2.2 Axes
 + Level 3.0 Armour
 + Level 3.0 Shields


You had 2 spell levels left.
You didn't know any spells.
Your spell library was empty.

Dungeon Overview and Level Annotations

Branches:
Dungeon (2/15)

Altars:


Innate Abilities, Weirdness & Mutations

You have a pair of small horns on your head.


Message History

The dart slug bites you but does no damage.
You slash the dart slug!
You kill the dart slug!
No target in view!
No target in view!
No target in view!
No target in view!
No target in view!
No target in view!
No target in view!
No target in view!
No target in view!
No target in view!
No target in view!
Done exploring.
Done exploring.
There is a stone staircase leading down here.
You climb downwards.
There is a stone staircase leading up here.
Found a stone staircase leading down.
h - a +2 vorpal long sword 2 gnolls come into view.
The gnoll shouts!
You aren't carrying any items that you can evoke.
Okay, then.
There is a stone staircase leading up here.
There are monsters nearby!
There is a stone staircase leading up here.
You block the gnoll's attack. The gnoll barely misses you.
There is a stone staircase leading up here.
You block the gnoll's attack.
You climb upwards.
There is a stone staircase leading down here.
You hit the gnoll. The gnoll hits you with a +0 whip.
The gnoll barely misses you.
You take 1 damage, and have 23/24 hp.
You hit the gnoll. The gnoll hits you with a +0 whip.
You take 2 damage, and have 21/24 hp.
You barely miss the gnoll.
You headbutt the gnoll, but do no damage.
The gnoll hits you with a +0 whip. The gnoll barely misses you.
You take 2 damage, and have 19/24 hp.
You hit the gnoll.
You kill the gnoll!
You have reached level 3!
Your experience leads to an increase in your attributes!
Increase (s)trength, (i)ntelligence, or (d)exterity?
You feel stronger.
You regained 4 hp, and now have 23/29 hp.
MP restored: 3 You start resting.
Health restored: 29 You climb downwards.
There is a stone staircase leading up here.
A gnoll comes into view. It is wielding a +0 halberd.
The gnoll shouts!
You block the gnoll's attack. The gnoll hits you with a +0 halberd!
You take 10 damage, and have 19/29 hp.
MASSIVE DAMAGE!!
You barely miss the gnoll. x2; The gnoll hits you but does no damage. x2
The gnoll barely misses you. You block the gnoll's attack.
You hit the gnoll. Your headbutt misses the gnoll. You barely miss the gnoll.
The gnoll barely misses you. x2; You block the gnoll's attack.
You closely miss the gnoll. You hit the gnoll.
The gnoll hits you with a +0 halberd! The gnoll hits you with a +0 spear!
* * * LOW HITPOINT WARNING * * *
The gnoll barely misses you.
You are too injured to fight recklessly!
You are too injured to fight recklessly!
You take 16 damage, and have 3/29 hp.
MASSIVE DAMAGE!!
You are too injured to fight recklessly!
You are too injured to fight recklessly!
You are too injured to fight recklessly!
You are too injured to fight recklessly!
You are too injured to fight recklessly!
You are too injured to fight recklessly!
You block the gnoll's attack. The gnoll closely misses you.
There is a stone staircase leading up here.
You block the gnoll's attack.
You climb upwards.
There is a stone staircase leading down here.
You start resting.
Health restored: 29 You climb downwards.
You block the gnoll's attack.
There is a stone staircase leading up here.
There is a stone staircase leading up here.
The gnoll hits you from afar with a +0 spear.
You climb upwards.
There is a stone staircase leading down here.
You take 1 damage, and have 28/29 hp.
You barely miss the gnoll. Your headbutt misses the gnoll.
The gnoll hits you with a +0 halberd. x2
You take 8 damage, and have 20/29 hp.
MASSIVE DAMAGE!!
You closely miss the gnoll.
The gnoll hits you with a +0 halberd. x2
You take 5 damage, and have 15/29 hp.
You slash the gnoll! The gnoll hits you with a +0 halberd!
* * * LOW HITPOINT WARNING * * *
You take 10 damage, and have 5/29 hp.
MASSIVE DAMAGE!!
You barely miss the gnoll. Your headbutt misses the gnoll.
The gnoll hits you with a +0 halberd!
You die...

...............#.#
##...##...##...#.#
###..##..####..#.#
###..##..####..#.#
##...##...##...#.#
.....##........#.#
....####......'#.#
#####
########..######
#.....g@.....#
#........###.#
#........# #.#
#........# #.#
#........# #.#
#........# #.#
#........#
#.#########
#........#
#.#.......#
##########
#.#.#####.#


You could see a gnoll.

Vanquished Creatures
  A gnoll (D:1)
  2 dart slugs (D:1)
  2 endoplasms (D:1)
  2 giant cockroaches (D:1)
  2 goblins (D:1)
  3 hobgoblins (D:1)
  2 quokkas (D:1)
  2 ball pythons (D:1)
  2 bats (D:1)
  2 frilled lizards (D:1)
  A kobold (D:1)
  A rat (D:1)
22 creatures vanquished.

Notes
Turn   | Place    | Note
-------+----------+-------------------------------------------
     0 | D:1      | Whiskey the Demonspawn Fighter began the quest for the Orb.
     0 | D:1      | Reached XP level 1. HP: 18/18 MP: 1/1
   275 | D:1      | Reached skill level 2 in Axes
   278 | D:1      | Gained mutation: You have a pair of small horns on your
                  | head. [demonic ancestry]
   278 | D:1      | Reached XP level 2. HP: 24/24 MP: 2/2
   608 | D:1      | Reached skill level 3 in Armour
   628 | D:1      | Reached skill level 3 in Shields
   901 | D:1      | Reached XP level 3. HP: 23/29 MP: 3/3
   967 | D:2      | HP: 3/29 [gnoll (7)]
  1255 | D:1      | HP: 5/29 [gnoll (11)]
  1256 | D:1      | Slain by a gnoll

Illustrated notes

Levels and vault maps discovered:
D:1:      minmay_arrival_four_loops, layout_basic, minmay_misc_feat_hallway
D:2:      layout_rooms, serial_shops, shop, chequers_decorated_corner

Skill      XL: |  1  2 |
---------------+-------+-----
Axes           | 2 |  2.2
Armour         | 3 |  3.0
Shields        | 3 |  3.0
Fighting       | |  3.3

Action                   || total
-------------------------++-------
Melee: War axe           ||    69
       Headbutt          ||     1
Armor: Scale mail        ||    40
Dodge: Dodged            ||    23
Block: Kite shield       ||    40

Table legend: (Time is in decaauts)
 A = Elapsed time spent in this place.
 B = Non-inter-level travel time spent in this place.
 C = Inter-level travel time spent in this place.
 D = Time resting spent in this place.
 E = Time spent auto-exploring this place.
 F = Levels seen in this place.
 G = Mean time per level.
                   A        B        C        D        E       F      G
               +--------+--------+--------+--------+--------+-----+--------+
         Total |   1301 |   1299 |      2 |    335 |    774 |   2 |  650.5 |
       Dungeon |   1301 |   1299 |      2 |    335 |    774 |   2 |  650.5 |
               +--------+--------+--------+--------+--------+-----+--------+

Top non-repeatable levels by time:
     D:1: 1253 daAuts
     D:2: 48 daAuts

Table legend:
 A = Kills in this place as a percentage of kills in entire the game.
 B = Kills by you in this place as a percentage of kills by you in the entire game.
 C = Kills by friends in this place as a percentage of kills by friends in the entire game.
 D = Other kills in this place as a percentage of other kills in the entire game.
 E = Experience gained in this place as a percentage of experience gained in the entire game.
 F = Experience gained in this place divided by the number of levels of this place that you have seen.
                   A       B       C       D       E      F
               +-------+-------+-------+-------+-------+----------------------
         Total | 100.0 | 100.0 |   N/A |   N/A | 100.0 |  26.5
       Dungeon | 100.0 | 100.0 |   N/A |   N/A | 100.0 |  26.5
               +-------+-------+-------+-------+-------+----------------------
